 Dungeon Crawl Stone Soup version 0.24.0-125-gc4c63601f3 (webtiles) character file.

Game seed: 9245405959318262484, levelgen mode: deterministic

678 Curus the Spear-Bearer (level 7, 0/50 HPs)
             Began as a Merfolk Gladiator on Mar 20, 2020.
             Was a Believer of Makhleb.
             Killed from afar by an orc wizard (7 damage)
             ... with a magic dart
             ... on level 5 of the Dungeon.
             The game lasted 00:11:01 (3159 turns).

Curus the Spear-Bearer (Merfolk Gladiator)          Turns: 3159, Time: 00:11:01

Health: 0/50       AC:  6    Str: 14    XL:     7   Next: 60%
Magic:  16/16      EV: 15    Int:  7    God:    Makhleb [**....]
Gold:   184        SH:  0    Dex: 23    Spells: 6/6 levels left

rFire    . . .     SeeInvis .   a - +0 trident
rCold    . . .     Gourm    .   (no shield)
rNeg     . . .     Faith    +   b - +0 leather armour
rPois    .         Spirit   .   c - +0 helmet
rElec    .         Reflect  .   k - +0 cloak
rCorr    .         Harm     .   p - +0 pair of gloves
MR       .....                  (no boots)
Stlth    ++........             g - amulet of faith
HPRegen  0.16/turn              i - ring of magical power
MPRegen  0.15/turn              j - +5 ring of dexterity

@: no status effects
A: change form in water, swift swim, stealthy swim
a: Minor Destruction, Renounce Religion


You were on level 5 of the Dungeon.
You worshipped Makhleb.
Makhleb was pleased with you.
You were not hungry.

You visited 1 branch of the dungeon, and saw 5 of its levels.

You collected 184 gold pieces.

Inventory:

Hand Weapons
 a - a +0 trident (weapon)
Missiles
 d - 3 throwing nets (quivered)
Armour
 b - a +0 leather armour (worn)
 c - a +0 helmet (worn)
 k - a +0 cloak (worn)
 p - a +0 pair of gloves (worn)
Jewellery
 g - an amulet of faith (around neck)
 i - a ring of magical power (left hand)
 j - a +5 ring of dexterity (right hand)
 s - an uncursed ring of ice
Wands
 m - a wand of disintegration (9)
Scrolls
 h - 4 scrolls of identify
 o - a scroll of remove curse
 q - a scroll of blinking
Potions
 e - 2 potions of agility
 l - a potion of ambrosia
 n - 2 potions of heal wounds
Comestibles
 f - 8 rations
 r - 4 chunks of flesh


   Skills:
 - Level 2.1 Fighting
 + Level 12.0 Polearms
 - Level 2.0 Throwing
 - Level 4.0 Dodging


You had 6 spell levels left.
You didn't know any spells.
Your spell library was empty.

Dungeon Overview and Level Annotations

Branches:
Dungeon (5/15)
 Temple: D:4-7

Altars:
Makhleb
Qazlal
Wu Jian

Annotations:
D:5 3 runed translucent doors, dragonscale333's ghost, novice DsBe


Message History

You puncture the phantom!
The phantom is heavily damaged.
The orc wizard mumbles some strange words.
The orc wizard seems to speed up.
The phantom hits you. The orc completely misses you.
You hit the phantom but do no damage.
The phantom is heavily damaged.
The phantom hits you.
* * * LOW HITPOINT WARNING * * *
You hit the phantom but do no damage.
The phantom is heavily damaged.
The orc hits you with a +2 dagger of pain.
* * * LOW HITPOINT WARNING * * *
The orc wizard gestures at you while chanting.
The puff of flame hits you.
* * * LOW HITPOINT WARNING * * *
The phantom blinks!
The orc wizard gestures at you while chanting.
The magic dart hits you!
You die...

#...#.#.#)#.....#............##.
#.###.###)###.###.#.#.######.##.
#.............###.#.#.# .##.
#.....................# #.###
..###.#.#.###..####.### #.# #
... #.#.#.#...## #.# #.# #
..###.###.###.# #.# #.# #
......W..o.#####.# #.# #
.......oo...@....# #.# #
.#.###)###.####### #.# # #o #.#
######.### #. #.# #......... ..
..# #.#######. ## ### #.#######.
#......... #..###+++#
##.##......


You could see a phantom, an orc wizard and 2 orcs.

Vanquished Creatures
  Sigmund (D:4)
  A sky beast (D:5)
  A scorpion (D:4)
  2 crimson imps (D:5)
  2 hounds (D:4)
  An orc priest (D:5)
  Crazy Yiuf (D:2)
  An iguana (D:5)
  A worker ant (D:4)
  A hound skeleton (D:5)
  6 adders
  An adder zombie (D:5)
  2 adder skeletons
  A worm (D:2)
  A dart slug (D:1)
  A leopard gecko (D:4)
  5 orcs
  4 bats
  6 giant cockroaches
  7 goblins
  8 hobgoblins
  3 kobolds
  A quokka (D:3)
  A frilled lizard (D:4)
  A jackal skeleton (D:4)
  A jackal zombie (D:5)
  A quokka skeleton (D:4)
  7 rats
69 creatures vanquished.

Notes
Turn   | Place    | Note
-------+----------+-------------------------------------------
     0 | D:1      | Curus the Merfolk Gladiator began the quest for the Orb.
     0 | D:1      | Reached XP level 1. HP: 16/16 MP: 1/1
   120 | D:1      | Reached skill level 5 in Polearms
   151 | D:1      | Reached XP level 2. HP: 21/22 MP: 2/2
   592 | D:2      | Found a stormy altar of Qazlal.
   856 | D:2      | Reached skill level 6 in Polearms
   856 | D:2      | Reached XP level 3. HP: 27/27 MP: 3/3
  1026 | D:2      | Found a burning altar of Makhleb.
  1039 | D:2      | Became a worshipper of Makhleb the Destroyer
  1199 | D:2      | Found a runed translucent door.
  1200 | D:2      | Noticed Crazy Yiuf
  1210 | D:2      | Killed Crazy Yiuf
  1210 | D:2      | Reached XP level 4. HP: 23/33 MP: 4/4
  1261 | D:3      | Reached skill level 7 in Polearms
  1764 | D:3      | Found an ornate altar of the Wu Jian Council.
  1872 | D:4      | Reached * piety under Makhleb
  1906 | D:4      | Reached skill level 8 in Polearms
  1906 | D:4      | Reached XP level 5. HP: 33/38 MP: 5/5
  2278 | D:4      | Reached skill level 9 in Polearms
  2296 | D:4      | Noticed Sigmund
  2310 | D:4      | Killed Sigmund
  2310 | D:4      | Reached skill level 10 in Polearms
  2310 | D:4      | Reached XP level 6. HP: 39/44 MP: 6/6
  2647 | D:5      | Entered Level 5 of the Dungeon
  2647 | D:5      | Noticed dragonscale333's ghost (novice DsBe)
  2649 | D:5      | Noticed an ice beast
  2671 | D:5      | Found a runed translucent gate.
  2671 | D:5      | Found a runed translucent gate.
  2671 | D:5      | Found a runed translucent gate.
  2766 | D:5      | Reached XP level 7. HP: 32/50 MP: 7/7
  2797 | D:5      | Reached skill level 11 in Polearms
  3053 | D:5      | Reached ** piety under Makhleb
  3147 | D:5      | Reached skill level 12 in Polearms
  3159 | D:5      | Killed from afar by an orc wizard

Levels and vault maps discovered:
D:1:      dpeg_arrival_erosion, layout_basic
D:2:      layout_loops_ring, grunt_qazlal_clouds,
          nicolae_overflow_crystal_walls, first_ration, uniq_crazy_yiuf_cottage
D:3:      layout_loops_ring, nicolae_overflow_hidden_temple,
          minmay_misc_feat_cross
D:4:      layout_cave_pools, uniq_sigmund
D:5:      layout_loops_ring, tso_metal_star, nicolae_ossuary_entry_catacombs,
          gammafunk_ghost_icy, minmay_misc_feat_nine_boxes

Skill      XL: |  1  2  3  4  5  6  7 |
---------------+----------------------+-----
Polearms       | 5 6 8 10 12 | 12.0
Fighting       | |  2.1
Throwing       | |  2.0
Dodging        | |  4.0

Action                   |  1- 3 |  4- 6 |  7- 9 || total
-------------------------+-------+-------+-------++-------
Melee: Trident           |    69 |   151 |    91 ||   311
  Use: Scroll            |     4 |     4 |       ||     8
       Potion            |     2 |     2 |       ||     4
 Stab: Sleeping          |     2 |     2 |       ||     4
  Eat: Chunk             |       |     6 |     1 ||     7
Armor: Leather armour    |     9 |    19 |    12 ||    40
Dodge: Dodged            |    34 |    76 |    36 ||   146
